cohdb
Replays
Latest Replays
All Replays
Popular Replays
Top Player Replays
Match Explorer
How It Works
Community
CoH3 Stats
Reddit
Sign in to upload your games and track your stats! →
Sign in with Steam
Match 43419791
Unlisted
Match 43419791
Overview
Messages
Build Orders
End
250 Light Carrier
Panzerpioneer Squad
Selects Armored Support Battlegroup
Panzergrenadier Squad
Construct Light Support Kompanie
MG34 Team
Selects Superior Fire Drills
Selects Veteran Gunners
Fire Support Elements
Pak 38 Mechanized Group
Flakvierling Half-track
Selects Salvage Kits
Veteran Squad Leaders
Vehicle Survival Package
Construct Mechanized Kompanie
2.5-tonne Medical Truck
StuG III D Assault Gun
Grongolock
Fridod
Денис Снюс
Zero Ambition
0
0
Comments
sign in to comment!
No comments posted yet!